 Dungeon Crawl Stone Soup version 0.29.1-1-gd02db6906a (webtiles) character file.

Game seed: 3740008527303579769

355 tardwrangler69 the Chopper (level 6, -5/57 HPs)
             Began as a Minotaur Chaos Knight on Sept 28, 2022.
             Was a Plaything of Xom.
             Slain by a hog (11 damage)
             ... on level 4 of the Dungeon.
             The game lasted 00:09:36 (2957 turns).

tardwrangler69 the Chopper (Minotaur Chaos Knight)  Turns: 2957, Time: 00:09:37

Health: -5/57      AC: 10    Str: 17    XL:     6   Next: 36%
Magic:  5/5        EV: 10    Int: 12    God:    Xom [......]
Gold:   218        SH:  0    Dex: 12    Spells: 5/5 levels left

rFire   . . .      SeeInvis +   a - +1 hand axe (chaos)
rCold   . . .      Faith    .   (no shield)
rNeg    + . .      Spirit   .   t - +4 ring mail "Maufaos" {rN+ SInv}
rPois   .          Reflect  .   (helmet unavailable)
rElec   .          Harm     .   (no cloak)
rCorr   .          Rampage  .   (no gloves)
Will    .....                   (no boots)
Stlth   +.........              (no amulet)
HPRegen 0.19/turn               (no ring)
MPRegen 0.09/turn               (no ring)

@: slowed, very slow
A: horns 3, retaliatory headbutt, agile 1, clever 1, sense surroundings 1,
shaggy fur 1, MP-powered wands
a: Renounce Religion


You were on level 4 of the Dungeon.
You worshipped Xom.
You were a very special plaything of Xom.
You visited 1 branch of the dungeon, and saw 4 of its levels.

You collected 218 gold pieces.

Inventory:

Hand Weapons
 a - a +1 hand axe of chaos (weapon)
Missiles
 m - 6 poisoned darts
 n - 2 javelins
 r - a throwing net
Armour
 l - a +0 plate armour
 t - the +4 ring mail "Maufaos" (worn) {rN+ SInv}
   (You found it on level 3 of the Dungeon)

   rN:        It protects you from negative energy.
   SInv:      It lets you see invisible.
Wands
 x - a wand of polymorph (8)
Scrolls
 b - a scroll of immolation {unknown}
 e - a scroll of enchant armour {unknown}
 f - a scroll of brand weapon {unknown}
 i - 2 scrolls of enchant weapon
 k - 2 scrolls of noise {unknown}
 o - 2 scrolls of silence {unknown}
 p - 3 scrolls of teleportation {unknown}
 q - 2 scrolls of vulnerability {unknown}
 s - a scroll of identify {unknown}
 v - a scroll of summoning {unknown}
Potions
 d - a potion of might {unknown}
 g - a potion of heal wounds {unknown}
 h - 4 potions of curing {unknown}
 j - a potion of invisibility {unknown}
 u - a potion of degeneration {unknown}
 w - 2 potions of mutation {unknown}
Miscellaneous
 c - a piece from Xom's chessboard (15/15) (quivered)


   Skills:
 * Level 6.1 Fighting
 * Level 6.1 Axes
 + Level 4.2 Armour
 - Level 1.1 Dodging


You had 5 spell levels left.
You didn't know any spells.
Your spell library contained the following spells:

 Spells                   Type           Power      Damage    Failure   Level
 Static Discharge         Conj/Air       0%         3-3/arc   65%         2
 Dispel Undead            Necr           0%         3d6       99%         4
 Fulminant Prism          Conj/Hex       0%         3d6       99%         4
 Iskenderun's Mystic Bla  Conj/Tloc      0%         2d3       99%         4
 Sticky Flame             Conj/Fire      0%         2d3       99%         4
 Lee's Rapid Deconstruct  Erth           0%         3d5*      100%        5


Dungeon Overview and Level Annotations

Branches:
Dungeon (4/15)
 Temple: D:4-7

Altars:
Trog


Innate Abilities, Weirdness & Mutations

You have a pair of large horns on your head.
You reflexively headbutt those who attack you in melee.
You are agile. (Dex +4, Str/Int -1)
Your mind is acute. (Int +4, Str/Dex -1)
You passively map a small area around you.
You are covered in fur. (AC +1)
You expend magic power (3 MP) to strengthen your wands.


Message History

You see here a +0 dagger.
A kobold brigand comes into view.
It is wielding a +1 dagger of speed and quivering curare-tipped darts.
A kobold brigand is nearby!
The kobold brigand shouts!
You hear a shout!
A kobold brigand comes into view.
It is wielding a +0 dagger of venom and quivering curare-tipped darts.
The kobold brigand throws a curare-tipped dart.
The curare-tipped dart hits you.
You are poisoned.
You have difficulty breathing.
You feel yourself slow down.
You feel very sick.
The kobold brigand throws a curare-tipped dart.
The curare-tipped dart hits you.
You are more poisoned.
You have difficulty breathing.
You feel as though you will be slow longer.
You feel very sick.
You feel very sick. "This might be better!"
The kobold brigand evaporates and reforms as a hog!
You feel very sick.
You feel sick.
You feel sick.
You feel sick. "Hum-dee-hum-dee-hum..."
The kobold brigand evaporates and reforms as a human!
The human picks up a +1 dagger of speed.
The human wields a +1 dagger of speed.
The human picks up 3 curare-tipped darts.
You feel sick.
You are no longer poisoned.
Items here: )))) †.
The hog attacks as you move away! The hog misses you. You furiously retaliate!
You headbutt the hog! The hog bites you!
* * * LOW HITPOINT WARNING * * *
The hog closely misses you. The hog bites you!
* * * LOW HITPOINT WARNING * * *
The hog attacks as you move away! The hog bites you!
You die...
Xom giggles madly!

##### #......##.#####
#...####.#.##.##.....#
#.#......#.# ,######.#
#.########.# #......#
#..........# #.######
#..######### .#......# #..#
####.#<.....# ~ #..#
#....######## #..#
#.@###.....### ~ ~ #..#
#..h.))p.....###### #..#
#..)))#####.......#
#..#######.#####≈≈≈###....)K
#...†..#.....~~~~~~~~######.
#.####)#.###..~~~~~~~~ ,
#.####'#># *#...~~~.....
#.#......# ###.....#### *
#+##.....# #######


You could see a hog and a human.

Vanquished Creatures
  Sigmund (D:2)
  4 gnolls (D:3)
  7 adders
  A worm (D:3)
  3 dart slugs
  3 bats
  6 endoplasms
  A giant cockroach (D:3)
  8 goblins
  9 hobgoblins
  4 jackals (D:2)
  17 kobolds
  3 quokkas
  6 ball pythons
  6 frilled lizards
  4 rats
83 creatures vanquished.

Notes
Turn   | Place    | Note
-------+----------+-------------------------------------------
     0 | D:1      | tardwrangler69 the Minotaur Chaos Knight began the quest
                  | for the Orb.
     0 | D:1      | Reached XP level 1. HP: 19/19 MP: 0/0
    28 | D:1      | XOM: silly message
   237 | D:1      | Reached XP level 2. HP: 21/27 MP: 1/1
   463 | D:1      | XOM: noise
   592 | D:1      | XOM: 4-stop teleportation journey
   823 | D:1      | XOM: scenery: summon butterflies
   848 | D:1      | XOM: scenery: 1 doors open, 1 doors close
   978 | D:1      | XOM: divination: detect items
  1070 | D:2      | Reached XP level 3. HP: 33/33 MP: 2/2
  1134 | D:2      | Noticed Sigmund
  1134 | D:2      | XOM: 4-stop teleportation journey
  1366 | D:2      | Reached XP level 4. HP: 41/41 MP: 3/3
  1517 | D:2      | XOM: give mutations
  1517 | D:2      | Gained mutation: You are agile. (Dex +4, Str/Int -1) [Xom's
                  | grace]
  1517 | D:2      | Gained mutation: Your mind is acute. (Int +4, Str/Dex -1)
                  | [Xom's grace]
  1517 | D:2      | Gained mutation: You passively map a small area around you.
                  | [Xom's grace]
  1517 | D:2      | Gained mutation: You expend magic power (3 MP) to
                  | strengthen your wands. [Xom's grace]
  1576 | D:2      | XOM: fake destruction
  1594 | D:2      | XOM: potion effect (invisibility)
  1601 | D:2      | XOM: enchant monster (bad)
  1624 | D:2      | XOM: cast spell 'Metabolic Englaciation'
  1634 | D:2      | XOM: potion effect (heal wounds)
  1647 | D:2      | Killed Sigmund
  1648 | D:2      | Reached skill level 5 in Fighting
  1648 | D:2      | Reached skill level 5 in Axes
  1648 | D:2      | Reached XP level 5. HP: 28/50 MP: 4/4
  2051 | D:3      | XOM: divination: detect creatures
  2094 | D:3      | Reached XP level 6. HP: 55/57 MP: 5/5
  2114 | D:3      | Identified the +4 ring mail "Maufaos" {rN+ SInv}
  2135 | D:3      | Found a bloodstained altar of Trog.
  2140 | D:3      | XOM: give mutations
  2140 | D:3      | Gained mutation: You have a pair of large horns on your
                  | head. [Xom's grace]
  2140 | D:3      | Gained mutation: Your muscles are strong. (Str +4, Int/Dex
                  | -1) [Xom's grace]
  2140 | D:3      | Gained mutation: You are covered in fur. (AC +1) [Xom's
                  | grace]
  2299 | D:3      | XOM: god gift: throwing net
  2326 | D:3      | XOM: give mutation
  2326 | D:3      | Lost mutation: Your muscles are strong. (Str +4, Int/Dex
                  | -1) [Xom's mischief]
  2473 | D:3      | XOM: cast spell 'Disjunction'
  2577 | D:3      | XOM: noise
  2814 | D:4      | XOM: stealth player
  2877 | D:4      | XOM: blink monster(s)
  2890 | D:4      | XOM: god gift: iron wand {god gift}
  2948 | D:4      | Noticed a hog
  2948 | D:4      | a kobold brigand changed into a hog
  2948 | D:4      | XOM: polymorph kobold brigand -> hog
  2952 | D:4      | Noticed a human
  2952 | D:4      | a kobold brigand changed into a human
  2952 | D:4      | XOM: polymorph kobold brigand -> human
  2957 | D:4      | Slain by a hog

Illustrated notes

Levels and vault maps discovered:
D:1:      nzn_arrival_water_spiral, layout_loops_corners, supply_closet_lemuel
D:2:      cheibrodos_greedy_goblins, layout_rooms, uniq_sigmund
D:3:      layout_loops_cross, mainiacjoe_overflow_paths
D:4:      cheibrodos_thug_alley, layout_basic, chequers_serial_rivers_small_a,
          kennysheep_generic_room_12, uniq_duvessa, uniq_ijyb

Skill      XL: |  1  2  3  4  5  6 |
---------------+-------------------+-----
Axes           | 4 5 6 |  6.1
Fighting       | 4 5 6 |  6.1
Armour         | 3 4 |  4.2
Dodging        | |  1.1

Action                   |  1- 3 |  4- 6 || total
-------------------------+-------+-------++-------
Melee: Hand axe          |    72 |   118 ||   190
       Headbutt          |    14 |    11 ||    25
       Punch             |       |     1 ||     1
  Use: Scroll            |       |     1 ||     1
 Stab: Invisible         |       |     1 ||     1
Armor: Leather armour    |     2 |       ||     2
       Plate armour      |    56 |    32 ||    88
       Scale mail        |       |     2 ||     2
       Ring mail         |       |    37 ||    37
Dodge: Dodged            |    23 |    56 ||    79
